PAAA
BAKERSFIELD NOBLES @ SACRAMENTO REDLEGS
09/06/2042
 
TOP OF THE 1ST
Bakersfield Nobles batting - Pitching for Sacramento Redlegs : RHP Tim Owens
Pitching: RHP Tim Owens
Batting: RHB Jesús Vargas 0-0: Swinging Strike
0-1: SINGLE (Groundball, 6MD, EV 105.0 MPH)
Batting: RHB Rocky Moran 0-0: Ball
1-0: Ball
2-0: Ball
3-0: Called Strike
3-1: Foul Ball, location: 2F
3-2: Fielders Choice at 2nd, 6-4 (Groundball, 56, EV 87.5 MPH)
Batting: RHB Chut-sai Meng 0-0: Called Strike
0-1: Ball
1-1: Fly out, F9 (Flyball, 89M, EV 74.4 MPH)
Batting: SHB Roberto Castillo 0-0: Ball
1-0: Ball
2-0: Ball
3-0: Base on Balls
Rocky Moran to second
Batting: SHB Glyn Bolasky 0-0: Foul Ball, location: 2F
0-1: Ball
1-1: Foul Ball, location: 2F
1-2: Fly out, F7 (Flyball, 78S, EV 78.8 MPH)
Top of the 1st over - 0 runs, 1 hit, 0 errors, 2 left on base; Bakersfield 0 - Sacramento 0
BOTTOM OF THE 1ST
Sacramento Redlegs batting - Pitching for Bakersfield Nobles : RHP Carlos Vargas
Pitching: RHP Carlos Vargas
Batting: LHB Paulino Gómez 0-0: Ball
1-0: Called Strike
1-1: Ball
2-1: Ball
3-1: Base on Balls
Batting: LHB Wilson Sabadodíaz 0-0: Foul Ball, location: 2F
0-1: Ball
1-1: Ball
2-1: Called Strike
Paulino Gómez steals 2nd base
2-2: Ground out 4-3 (Groundball, 4, EV 105.0 MPH)
Paulino Gómez to third
Batting: RHB Qian-fu Zhou 0-0: Called Strike
0-1: Ball
1-1: Ball
2-1: Ball
3-1: Swinging Strike
3-2: Foul Ball, location: 2F
3-2: Fly out, F7 (Line Drive, 7, EV 91.2 MPH)
Runner from 3rd tags up, SCORES, no throw by LF
Batting: LHB Gabriel Anaya 0-0: Swinging Strike
0-1: Ball
1-1: Swinging Strike
1-2: Foul Ball, location: 2F
1-2: Ground out 4-3 (Groundball, 34, EV 81.9 MPH)
Bottom of the 1st over - 1 run, 0 hits, 0 errors, 0 left on base; Bakersfield 0 - Sacramento 1
TOP OF THE 2ND
Bakersfield Nobles batting - Pitching for Sacramento Redlegs : RHP Tim Owens
Batting: RHB Juan Lugo 0-0: Ball
1-0: Called Strike
1-1: SINGLE (Groundball, 13S, EV 54.4 MPH) (infield hit)
Batting: LHB Roldăo Cintra 0-0: Ball
1-0: Ball
2-0: SINGLE (Groundball, 56S, EV 76.2 MPH) (infield hit)
Juan Lugo to second
Pinch Runner at 1st Sadiya Seth:
Batting: RHB Corey Ollerton 0-0: Foul Ball, location: 2F
0-1: Called Strike
0-2: Foul Ball, location: 2F
0-2: Ball
1-2: Fly out, F4 (Line Drive, 4, EV 61.2 MPH)
Batting: RHB Byron Ballard 0-0: Foul Ball, location: 2F
0-1: Ball
1-1: Ball
2-1: Ball
3-1: Called Strike
3-2: Ground out 4-3 (Groundball, 4, EV 98.1 MPH)
Juan Lugo to third
Sadiya Seth to second
Batting: RHB Jesús Vargas 0-0: Ball
1-0: Foul Ball, location: 2F
1-1: Ground out 6-3 (Groundball, 6, EV 97.5 MPH)
Top of the 2nd over - 0 runs, 2 hits, 0 errors, 2 left on base; Bakersfield 0 - Sacramento 1
BOTTOM OF THE 2ND
Sacramento Redlegs batting - Pitching for Bakersfield Nobles : RHP Carlos Vargas
Now in RF: Sadiya Seth
Batting: RHB Jackson Cluff 0-0: Called Strike
0-1: Foul Ball, location: 2F
0-2: Ball
1-2: Ball
2-2: Fly out, F9 (Flyball, 89M, EV 91.2 MPH)
Batting: LHB Carlos Árias 0-0: Ball
1-0: Called Strike
1-1: Fly out, F8 (Flyball, 8RXD, EV 107.5 MPH)
Batting: RHB De-wei Chi 0-0: Foul Ball, location: 2F
0-1: Swinging Strike
0-2: SINGLE (Line Drive, 8LS, EV 96.2 MPH)
Batting: RHB Brandon Graybill 0-0: Foul Ball, location: 2F
0-1: Called Strike
0-2: Ball
1-2: Ball
2-2: Foul Ball, location: 2F
2-2: SINGLE (Groundball, 4MD, EV 96.9 MPH)
De-wei Chi to second
Batting: RHB Donald Boyd 0-0: Ball
1-0: Foul Ball, location: 2F
1-1: Swinging Strike
1-2: Strikes out swinging
Bottom of the 2nd over - 0 runs, 2 hits, 0 errors, 2 left on base; Bakersfield 0 - Sacramento 1
TOP OF THE 3RD
Bakersfield Nobles batting - Pitching for Sacramento Redlegs : RHP Tim Owens
Batting: RHB Rocky Moran 0-0: Foul Ball, location: 2F
0-1: Foul Ball, location: 2F
0-2: Ball
1-2: Ball
2-2: SINGLE (Groundball, 4MD, EV 96.2 MPH)
Batting: RHB Chut-sai Meng 0-0: Ball
1-0: Foul Ball, location: 2F
1-1: Reached on error, E5 (Groundball, 56S, EV 80.6 MPH)
Rocky Moran to second
Batting: SHB Roberto Castillo 0-0: Ball
1-0: Foul Ball, location: 2F
1-1: Ball
2-1: Called Strike
2-2: Ball
3-2: Base on Balls
Rocky Moran to third
Chut-sai Meng to second
Batting: SHB Glyn Bolasky 0-0: Called Strike
0-1: Ball
1-1: Swinging Strike
1-2: Ball
2-2: GRAND SLAM HOME RUN (Flyball, 78XD, EV 108.1 MPH), Distance : 429 ft
Batting: RHB Juan Lugo 0-0: Ball
1-0: Ball
2-0: Called Strike
2-1: Foul Ball, location: 2F
2-2: Ground out 6-3 (Groundball, 6, EV 98.8 MPH)
Batting: RHB Sadiya Seth 0-0: Ball
1-0: Fly out, F8 (Flyball, 8LXD, EV 83.1 MPH)
Batting: RHB Corey Ollerton 0-0: Called Strike
0-1: Foul Ball, location: 2F
0-2: Strikes out swinging
Top of the 3rd over - 4 runs, 2 hits, 1 error, 0 left on base; Bakersfield 4 - Sacramento 1
BOTTOM OF THE 3RD
Sacramento Redlegs batting - Pitching for Bakersfield Nobles : RHP Carlos Vargas
Batting: LHB Paulino Gómez 0-0: DOUBLE (Line Drive, 9LM, EV 104.4 MPH)
Batting: LHB Wilson Sabadodíaz 0-0: Ball
1-0: Ball
2-0: Ball
3-0: Called Strike
3-1: SINGLE (Groundball, 3D, EV 101.2 MPH)
Paulino Gómez to third
Batting: RHB Qian-fu Zhou 0-0: Fly out, F8 (Flyball, 8LS, EV 95.0 MPH)
Batting: LHB Gabriel Anaya 0-0: Ball
1-0: Ball
2-0: Called Strike
2-1: Foul Ball, location: 2F
2-2: Foul Ball, location: 2F
2-2: SINGLE (Groundball, 3, EV 104.4 MPH) (infield hit)
Paulino Gómez scores
Wilson Sabadodíaz to second
Batting: RHB Jackson Cluff 0-0: Called Strike
Wilson Sabadodíaz steals 3rd base
0-1: Ball
1-1: Ball
Wild Pitch!
Wilson Sabadodíaz scores
Gabriel Anaya to second
2-1: Ground out 6-3 (Groundball, 6M, EV 90.6 MPH)
Gabriel Anaya to third
Batting: LHB Carlos Árias 0-0: Ball
1-0: Ball
2-0: Foul Ball, location: 2F
2-1: Called Strike
2-2: Ball
3-2: Ground out 6-3 (Groundball, 6M, EV 88.1 MPH)
Bottom of the 3rd over - 2 runs, 3 hits, 0 errors, 1 left on base; Bakersfield 4 - Sacramento 3
TOP OF THE 4TH
Bakersfield Nobles batting - Pitching for Sacramento Redlegs : RHP Tim Owens
Batting: RHB Byron Ballard 0-0: Foul Ball, location: 2F
0-1: Foul Ball, location: 2F
0-2: Foul Ball, location: 2F
0-2: Ground out 1-3 (Groundball, 13, EV 86.9 MPH)
Batting: RHB Jesús Vargas 0-0: Ball
1-0: Foul Ball, location: 2F
1-1: Called Strike
1-2: Ball
2-2: Foul Ball, location: 2F
2-2: Ball
3-2: SINGLE (Groundball, 6MD, EV 96.9 MPH)
Batting: RHB Rocky Moran 0-0: Ball
Jesús Vargas is caught stealing 2nd base 2-4
1-0: Ball
2-0: Called Strike
2-1: Foul Ball, location: 2F
2-2: Ball
3-2: Ground out 5-3 (Groundball, 56, EV 94.4 MPH)
Top of the 4th over - 0 runs, 1 hit, 0 errors, 0 left on base; Bakersfield 4 - Sacramento 3
BOTTOM OF THE 4TH
Sacramento Redlegs batting - Pitching for Bakersfield Nobles : RHP Carlos Vargas
Batting: RHB De-wei Chi 0-0: Ball
1-0: Called Strike
1-1: Ground out 6-3 (Groundball, 6, EV 101.2 MPH)
Batting: RHB Brandon Graybill 0-0: Ball
1-0: Ball
2-0: Ball
3-0: Called Strike
3-1: Ground out 6-3 (Groundball, 6M, EV 103.8 MPH)
Batting: RHB Donald Boyd 0-0: Ball
1-0: Called Strike
1-1: Ball
2-1: Ball
3-1: Called Strike
3-2: Strikes out looking
Bottom of the 4th over - 0 runs, 0 hits, 0 errors, 0 left on base; Bakersfield 4 - Sacramento 3
TOP OF THE 5TH
Bakersfield Nobles batting - Pitching for Sacramento Redlegs : RHP Tim Owens
Batting: RHB Chut-sai Meng 0-0: Ball
1-0: Ball
2-0: Ball
3-0: Called Strike
3-1: Base on Balls
Batting: SHB Roberto Castillo 0-0: Ball
Chut-sai Meng steals 2nd base
1-0: Called Strike
1-1: Hit by Pitch
Batting: SHB Glyn Bolasky 0-0: Ball
Chut-sai Meng steals 3rd base
Roberto Castillo to second
1-0: Ball
2-0: Ball
3-0: Called Strike
3-1: Base on Balls
Batting: RHB Juan Lugo 0-0: Called Strike
0-1: Called Strike
0-2: Fly out, F4 (Popup, 4S, EV 68.8 MPH)
Batting: RHB Sadiya Seth 0-0: Ball
1-0: Called Strike
1-1: Foul Ball, location: 2F
1-2: Fly out, F9 (Line Drive, 9S, EV 108.8 MPH)
Runner from 3rd tags up, SCORES, no throw by RF
Batting: RHB Corey Ollerton 0-0: Called Strike
0-1: Ball
1-1: Ground out 1-3 (Groundball, 34S, EV 83.8 MPH)
Top of the 5th over - 1 run, 0 hits, 0 errors, 2 left on base; Bakersfield 5 - Sacramento 3
BOTTOM OF THE 5TH
Sacramento Redlegs batting - Pitching for Bakersfield Nobles : RHP Carlos Vargas
Batting: LHB Paulino Gómez 0-0: Ball
1-0: Called Strike
1-1: Ball
2-1: Ball
3-1: Swinging Strike
3-2: Strikes out looking
Batting: LHB Wilson Sabadodíaz 0-0: Ground out 6-3 (Groundball, 6, EV 76.9 MPH)
Batting: RHB Qian-fu Zhou 0-0: Fly out, F8 (Line Drive, 8LD, EV 100.6 MPH)
Bottom of the 5th over - 0 runs, 0 hits, 0 errors, 0 left on base; Bakersfield 5 - Sacramento 3
TOP OF THE 6TH
Bakersfield Nobles batting - Pitching for Sacramento Redlegs : RHP Tim Owens
Pitching: RHP Emery Manhoran
Batting: RHB Byron Ballard 0-0: Called Strike
0-1: Ball
1-1: Foul Ball, location: 2F
1-2: Ball
2-2: Strikes out swinging
Batting: RHB Jesús Vargas 0-0: Foul Ball, location: 2F
0-1: Foul Ball, location: 2F
0-2: Ball
1-2: Ball
2-2: Ball
3-2: Base on Balls
Batting: RHB Rocky Moran 0-0: Fly out, F9 (Flyball, 89D, EV 83.1 MPH)
Batting: RHB Chut-sai Meng 0-0: Called Strike
Jesús Vargas steals 2nd, throwing error, E2
Jesús Vargas to third
0-1: Ball
1-1: Ball
2-1: Foul Ball, location: 2F
2-2: Strikes out swinging
Top of the 6th over - 0 runs, 0 hits, 1 error, 1 left on base; Bakersfield 5 - Sacramento 3
BOTTOM OF THE 6TH
Sacramento Redlegs batting - Pitching for Bakersfield Nobles : RHP Carlos Vargas
Pitching: RHP Hikaru Yamaguchi
Batting: LHB Gabriel Anaya 0-0: Ground out 4-3 (Groundball, 4, EV 83.1 MPH)
Batting: RHB Jackson Cluff 0-0: Ball
1-0: Fly out, F8 (Flyball, 89D, EV 91.9 MPH)
Batting: LHB Carlos Árias 0-0: Ball
1-0: Foul Ball, location: 2F
1-1: Fly out, F8 (Flyball, 8RD, EV 100.0 MPH)
Bottom of the 6th over - 0 runs, 0 hits, 0 errors, 0 left on base; Bakersfield 5 - Sacramento 3
TOP OF THE 7TH
Bakersfield Nobles batting - Pitching for Sacramento Redlegs : RHP Emery Manhoran
Batting: SHB Roberto Castillo 0-0: Called Strike
0-1: Swinging Strike
0-2: Foul Ball, location: 2F
0-2: Ball
1-2: Fly out, F9 (Flyball, 89S, EV 88.1 MPH)
Batting: SHB Glyn Bolasky 0-0: Ball
1-0: Called Strike
1-1: Ball
2-1: Ball
3-1: Base on Balls
Batting: RHB Juan Lugo 0-0: Ball
1-0: Foul Ball, location: 2F
1-1: Ball
2-1: Foul Ball, location: 2F
2-2: Foul Ball, location: 2F
2-2: Foul Ball, location: 2F
2-2: SINGLE (Line Drive, 34D, EV 98.1 MPH)
Glyn Bolasky to second
Runner from 2nd tries for 3rd, SAFE, throw by RF made to third
Batting: RHB Sadiya Seth 0-0: Called Strike
0-1: Ball
1-1: Foul Ball, location: 2F
1-2: Strikes out swinging
Juan Lugo is caught stealing 2nd base 2-4
Batter strikes out.
Top of the 7th over - 0 runs, 1 hit, 0 errors, 1 left on base; Bakersfield 5 - Sacramento 3
BOTTOM OF THE 7TH
Sacramento Redlegs batting - Pitching for Bakersfield Nobles : RHP Hikaru Yamaguchi
Batting: RHB De-wei Chi 0-0: Foul Ball, location: 2F
0-1: Ball
1-1: SINGLE (Line Drive, 78S, EV 109.4 MPH)
Batting: RHB Brandon Graybill 0-0: Sac Bunt to 3S - play at first, batter OUT! 3-4
De-wei Chi to second
Batting: RHB Donald Boyd 0-0: Swinging Strike
0-1: Ball
1-1: Swinging Strike
1-2: Foul Ball, location: 2F
1-2: Ball
2-2: Strikes out swinging
Batting: LHB Paulino Gómez 0-0: Foul Ball, location: 2F
0-1: Ball
1-1: Ball
2-1: Called Strike
2-2: Strikes out swinging
Bottom of the 7th over - 0 runs, 1 hit, 0 errors, 1 left on base; Bakersfield 5 - Sacramento 3
TOP OF THE 8TH
Bakersfield Nobles batting - Pitching for Sacramento Redlegs : RHP Emery Manhoran
Batting: RHB Corey Ollerton 0-0: Called Strike
0-1: Ground out 4-3 (Groundball, 4, EV 104.4 MPH)
Batting: RHB Byron Ballard 0-0: Ball
1-0: Ball
2-0: Ball
3-0: Base on Balls
Pitching: RHP Eric Mason
Batting: RHB Jesús Vargas 0-0: Foul Ball, location: 2F
0-1: Ball
1-1: Swinging Strike
1-2: Fly out, F4 (Popup, 4D, EV 43.8 MPH)
Batting: RHB Rocky Moran 0-0: Ball
1-0: Fly out, F5 (Popup, 56, EV 61.2 MPH)
Top of the 8th over - 0 runs, 0 hits, 0 errors, 1 left on base; Bakersfield 5 - Sacramento 3
BOTTOM OF THE 8TH
Sacramento Redlegs batting - Pitching for Bakersfield Nobles : RHP Hikaru Yamaguchi
Batting: LHB Wilson Sabadodíaz 0-0: Fly out, F3 (Line Drive, 3, EV 69.4 MPH)
Batting: RHB Qian-fu Zhou 0-0: Called Strike
0-1: Ground out 1-3 (Groundball, 15, EV 88.8 MPH)
Batting: LHB Gabriel Anaya 0-0: Ball
1-0: Called Strike
1-1: Ball
2-1: Ball
3-1: Called Strike
3-2: Fly out, F5 (Popup, 56S, EV 80.0 MPH)
Bottom of the 8th over - 0 runs, 0 hits, 0 errors, 0 left on base; Bakersfield 5 - Sacramento 3
TOP OF THE 9TH
Bakersfield Nobles batting - Pitching for Sacramento Redlegs : RHP Eric Mason
Batting: RHB Chut-sai Meng 0-0: Called Strike
0-1: Ball
1-1: Called Strike
1-2: Strikes out swinging
Batting: SHB Roberto Castillo 0-0: Called Strike
0-1: Fly out, F7 (Flyball, 7, EV 98.1 MPH)
Batting: SHB Glyn Bolasky 0-0: Ball
1-0: SINGLE (Groundball, 6MD, EV 105.6 MPH)
Batting: RHB Juan Lugo 0-0: Ball
Glyn Bolasky steals 2nd base
1-0: Called Strike
1-1: Ball
2-1: Ball
3-1: Called Strike
3-2: Base on Balls
Batting: RHB Sadiya Seth 0-0: Called Strike
0-1: Ball
Wild Pitch!
Glyn Bolasky to third
Juan Lugo to second
1-1: Called Strike
1-2: Ball
2-2: Fly out, F4 (Popup, 4, EV 52.5 MPH)
Top of the 9th over - 0 runs, 1 hit, 0 errors, 2 left on base; Bakersfield 5 - Sacramento 3
BOTTOM OF THE 9TH
Sacramento Redlegs batting - Pitching for Bakersfield Nobles : RHP Hikaru Yamaguchi
Pitching: RHP Ramón Ramírez
Batting: RHB Jackson Cluff 0-0: Ball
1-0: Called Strike
1-1: Ball
2-1: Ground out 6-3 (Groundball, 6, EV 97.5 MPH)
Batting: LHB Carlos Árias 0-0: Called Strike
0-1: Swinging Strike
0-2: Ball
1-2: Ball
2-2: Foul Ball, location: 2F
2-2: Ball
3-2: Strikes out swinging
Batting: RHB De-wei Chi 0-0: Foul Ball, location: 2F
0-1: Ball
1-1: Ball
2-1: Called Strike
2-2: Ball
3-2: Ground out 6-3 (Groundball, 6, EV 80.6 MPH)
Bottom of the 9th over - 0 runs, 0 hits, 0 errors, 0 left on base; Bakersfield 5 - Sacramento 3
Friday, March 26th, 2021 - OOTP Baseball 20.8 Build 74